 Dungeon Crawl Stone Soup version 0.22-a0-825-ga28c36f (webtiles) character file.

535 corax the Sneak (level 7, -10/36 HPs)
             Began as a Spriggan Assassin on July 24, 2018.
             Killed by divine providence
             ... invoked by an orc priest
              (12 damage)
             ... on level 5 of the Dungeon.
             The game lasted 00:10:53 (3145 turns).

corax the Sneak (Spriggan Assassin)                 Turns: 3145, Time: 00:10:54

Health: -10/36     AC:  2    Str:  7    XL:     7   Next: 4%
Magic:  8/8        EV: 26    Int: 15    God:
Gold:   211        SH:  0    Dex: 19    Spells: 6/6 levels left

rFire    . . .     SeeInvis +   a - +2 dagger
rCold    . . .     Gourm    .   (shield restricted)
rNeg     . . .     Faith    .   c - +0 robe
rPois    .         Spirit   .   (helmet restricted)
rElec    .         Reflect  .   u - scarf {repulsion}
rCorr    .         Harm     .   (gloves unavailable)
MR       +....                  (boots unavailable)
Stlth    ++++......             (no amulet)
HPRegen  0.12/turn              l - +2 ring of dexterity
MPRegen  0.11/turn              r - +5 ring of evasion

@: repel missiles, very quick
A: very small, unfitting armour, see invisible, herbivore, speed 3, slow
metabolism 2
a: no special abilities


You were on level 5 of the Dungeon.
You were not hungry.

You visited 1 branch of the dungeon, and saw 7 of its levels.

You collected 211 gold pieces.

Inventory:

Hand Weapons
 a - a +2 dagger (weapon)
 b - a +0 blowgun
Missiles
 e - a poisoned needle
 f - a curare-tipped needle
Armour
 c - a +0 robe (worn)
 u - a scarf of repulsion (worn)
Jewellery
 d - a +5 ring of evasion
 h - an uncursed ring of wizardry
 l - a +2 ring of dexterity (left hand)
 r - a +5 ring of evasion (right hand)
Scrolls
 i - a scroll of enchant weapon {unknown}
 j - 3 scrolls of teleportation {unknown}
 n - 4 scrolls of fog {unknown}
 o - a scroll of remove curse
 t - a scroll of identify
Potions
 k - a potion of brilliance
 m - a potion of invisibility
 p - 3 potions of agility
 q - 3 potions of might
 s - a potion of heal wounds {unknown}
 v - a potion of berserk rage {unknown}
Comestibles
 g - 7 rations


   Skills:
 + Level 3.1 Fighting
 + Level 4.2 Short Blades
 + Level 3.8 Throwing
 + Level 4.9 Dodging
 + Level 7.8 Stealth


You had 6 spell levels left.
You didn't know any spells.
Your spell library was empty.

Dungeon Overview and Level Annotations

Branches:
Dungeon (7/15)
 Temple: D:4-7

Altars:
Qazlal
Trog

Shops:
D:5 ?

Portals:
Ossuary: D:4


Innate Abilities, Weirdness & Mutations

You are very small and have problems with some larger weapons.
You are too small for most types of armour.
You have supernaturally acute eyesight. (SInv)
You are a herbivore.
You cover ground extremely quickly.
You need to consume almost no food.


Message History

You shoot a poisoned needle.
The poisoned needle hits the orc priest.
The orc priest looks even sicker.
a - a +2 dagger (weapon)
An orc wizard comes into view. It is wielding a dagger.
The orc completely misses you.
You hit the orc but do no damage.
The orc priest looks encouraged for a moment.
You closely miss the orc. The orc completely misses you.
The orc priest calls down the wrath of Beogh upon you.
Beogh smites you!
* * * LOW HITPOINT WARNING * * *
You hit the orc but do no damage.
An orc wizard comes into view. It is wielding a dagger.
The orc completely misses you.
The orc wizard shouts!
You hit the orc but do no damage.
The orc priest calls down the wrath of Beogh upon you.
Beogh smites you!
You die...

#.......#
#.......#
#.......# .
#.......# .(
#.......#..o
#.......(...
#.....o(#...
#...@ooo....
#.......#...
######.## .#
# #.....#
#.(...###.
#........
#......#


You could see an orc priest, 2 orc wizards and 2 orcs.

Vanquished Creatures
  3 sky beasts (D:5)
  A centaur zombie (D:6)
  An orc wizard (D:6)
  A worker ant (D:4)
  Robin (D:3)
  6 adders
  3 gnolls (D:2)
  An ooze (D:2)
  A worm (D:2)
  3 dart slugs
  2 leopard geckos
  9 orcs
  2 giant cockroaches
  13 goblins
  6 hobgoblins
  8 jackals
  A quokka (D:2)
  4 bats
  2 frilled lizards
  A giant cockroach zombie (D:5)
  2 kobolds (D:2)
  8 rats
79 creatures vanquished.

Vanquished Creatures (others)
  A goblin (D:3)
1 creature vanquished.

Grand Total: 80 creatures vanquished

Notes
Turn   | Place    | Note
-------+----------+-------------------------------------------
     0 | D:1      | corax the Spriggan Assassin began the quest for the Orb.
     0 | D:1      | Reached XP level 1. HP: 10/10 MP: 2/2
   279 | D:1      | Reached skill level 6 in Stealth
   330 | D:1      | Reached XP level 2. HP: 15/15 MP: 3/3
   573 | D:1      | Found a bloodstained altar of Trog.
   794 | D:2      | Reached XP level 3. HP: 11/18 MP: 4/4
   978 | D:2      | Reached XP level 4. HP: 19/23 MP: 5/5
  1870 | D:3      | Noticed Robin
  2056 | D:3      | Killed Robin
  2176 | D:3      | Reached XP level 5. HP: 20/27 MP: 6/6
  2330 | D:4      | Found a sand-covered staircase.
  2638 | D:4      | You fall through a shaft for 3 floors!
  2687 | D:6      | Reached skill level 7 in Stealth
  2788 | D:5      | Entered Level 5 of the Dungeon
  2796 | D:5      | Noticed an ogre
  2825 | D:5      | Noticed a sky beast
  2831 | D:5      | Killed a sky beast
  2831 | D:5      | Reached XP level 6. HP: 32/32 MP: 7/7
  2857 | D:5      | Noticed a sky beast
  2859 | D:5      | Killed a sky beast
  2949 | D:5      | Noticed a sky beast
  2955 | D:5      | Killed a sky beast
  2955 | D:5      | Reached XP level 7. HP: 31/36 MP: 8/8
  3034 | D:5      | Found Pugg's Magic Scroll Emporium.
  3104 | D:4      | Found a stormy altar of Qazlal.
  3145 | D:5      | Killed from afar by an orc priest

Vault maps used:
D:1:      dpeg_arrival_water_altar
D:2:      corexii_hall_statues_deadend
D:3:      uniq_robin
D:4:      nicolae_ossuary_entry_monument, first_ration, minmay_ruined_shrine
D:5:      kennysheep_windowed_goal
D:6:      temple_statues, zaba_anthole, kennysheep_generic_room_11

Skill      XL: |  1  2  3  4  5  6 |
---------------+-------------------+-----
Stealth        | 6 7 |  7.8
Dodging        | 2 3 4 |  4.9
Fighting       | 2 3 |  3.1
Short Blades   | 3 4 |  4.2
Throwing       | 3 |  3.8

Action                   |  1- 3 |  4- 6 |  7- 9 || total
-------------------------+-------+-------+-------++-------
Melee: Dagger            |    55 |   175 |    16 ||   246
 Fire: Blowgun           |    19 |    14 |     3 ||    36
  Use: Scroll            |       |     8 |       ||     8
 Stab: Sleeping          |     9 |    15 |       ||    24
Armor: Robe              |     7 |    14 |     1 ||    22
Dodge: Dodged            |    42 |   141 |    13 ||   196

Table legend:
 A = Spawn XP
 B = Non-spawn XP
 C = Spawn XP percentage of total XP
 D = Spawn monster count
 E = Non-spawn monster count
 F = Spawn count percentage of total count
 G = Total turns spent on level
                    A         B        C        D         E        F      G
               +---------+---------+-------+---------+---------+-------+---------
         Total |       0 |     765 |   0.0 |       0 |      79 |   0.0 |  3145
               +---------+---------+-------+---------+---------+-------+---------
           D:1 |       0 |      17 |   0.0 |       0 |       9 |   0.0 |   593
           D:2 |       0 |     110 |   0.0 |       0 |      24 |   0.0 |   960
           D:3 |       0 |      95 |   0.0 |       0 |      26 |   0.0 |   768
           D:4 |       0 |      60 |   0.0 |       0 |       8 |   0.0 |   369
           D:5 |       0 |     387 |   0.0 |       0 |       8 |   0.0 |   305
           D:6 |       0 |      96 |   0.0 |       0 |       4 |   0.0 |   138
               +---------+---------+-------+---------+---------+-------+---------
